 Dungeon Crawl Stone Soup version 0.29-a0-416-g83a48905f1 (webtiles) character file.

Game seed: 15285663302328532177

746 spiderkeys the Skirmisher (level 7, -6/76 HPs)
             Began as an Ogre Abyssal Knight on May 16, 2022.
             Was a Priest of Lugonu.
             Mangled by Duvessa
             ... wielding a +0 short sword
              (7 damage)
             ... on level 4 of the Dungeon.
             The game lasted 00:07:01 (3552 turns).

spiderkeys the Skirmisher (Ogre Abyssal Knight)     Turns: 3552, Time: 00:07:02

Health: -6/76      AC:  3    Str: 18    XL:     7   Next: 77%
Magic:  5/12       EV: 11    Int: 13    God:    Lugonu [***...]
Gold:   177        SH:  0    Dex: 15    Spells: 10/13 levels left

rFire   . . .      SeeInvis .   a - +1 spear
rCold   . . .      Faith    .   (no shield)
rNeg    . . .      Spirit   .   b - +0 robe
rPois   .          Reflect  .   (helmet restricted)
rElec   .          Harm     .   (no cloak)
rCorr   .          Rampage  .   (gloves unavailable)
Will    .....                   (boots unavailable)
Stlth   +.........              (no amulet)
HPRegen 0.22/turn               D - +6 ring of dexterity
MPRegen 0.13/turn               (no ring)

@: very slightly contaminated
A: large, unfitting armour, tough skin 1
a: Renounce Religion, Depart the Abyss, Bend Space, Banish


You were on level 4 of the Dungeon.
You worshipped Lugonu.
Lugonu was most pleased with you.
You visited 1 branch of the dungeon, and saw 4 of its levels.
You visited the Abyss 1 time.

You collected 177 gold pieces.


Innate Abilities, Weirdness & Mutations

You are too large for most types of armour.
You have tough skin. (AC +1)


   Skills:
 + Level 6.3 Fighting
 - Level 2.0(2.5) Polearms
 - Level 2.3(2.7) Staves
 + Level 3.9 Dodging
 + Level 3.7 Spellcasting
 + Level 1.9 Conjurations
 + Level 4.4 Invocations


You had 10 spell levels left.
You knew the following spells:

 Your Spells              Type           Power      Damage    Failure   Level
m - Mephitic Cloud        Conj/Pois/Air  4%         N/A       43%         3

Your spell library contained the following spells:

 Spells                   Type           Power      Damage    Failure   Level
 Ignite Poison            Fire/Tmut/Pois 2%         N/A       54%         3
 Animate Dead             Necr           1%         N/A       91%         4
 Borgnjor's Vile Clutch   Necr/Erth      1%         N/A       99%         5
 Freezing Cloud           Conj/Ice/Air   2%         6-21      99%         5
 Death Channel            Necr           1%         N/A       100%        6

Inventory:

Hand Weapons
 a - a +1 spear (weapon)
 q - a +0 club
   (You took it off a goblin on level 3 of the Dungeon)
 r - a +1 hunting sling
   (You took it off a goblin on level 2 of the Dungeon)
Missiles
 h - 2 poisoned darts
 j - 109 stones
 p - 2 boomerangs
Armour
 b - a +0 robe (worn)
 s - a +0 robe
   (You took it off an orc wizard on level 3 of the Dungeon)
Jewellery
 D - a +6 ring of dexterity (left hand)
   (You found it on level 2 of the Dungeon)
Scrolls
 d - a scroll of enchant weapon
 f - a scroll of acquirement {unknown}
 g - 2 scrolls of blinking {!r}
 i - a scroll of identify {unknown}
 k - a scroll of silence {unknown}
 m - a scroll of fear {unknown}
 n - a scroll of fog {unknown}
 o - a scroll of noise {unknown}
 t - a scroll of teleportation {unknown}
 v - a scroll of torment {unknown}
 w - 2 scrolls of vulnerability {unknown}
 y - a scroll of poison {unknown}
Potions
 c - 3 potions of ambrosia {unknown}
 e - a potion of magic {unknown}
 l - a potion of attraction {unknown}
 u - a potion of brilliance {unknown}
 x - a potion of curing {unknown}

Dungeon Overview and Level Annotations

Branches:
Dungeon (4/15)
 Temple: D:4-7

Altars:
The Shining One

Shops:
D:3 (   D:4 (

Annotations:
D:2 Sigmund
D:4 Duvessa

#...# #....#
##...###....#
#...###.....#
##...####....#######
#8)....##..........##
#.....###......PP...#
......#
#.####.Pāˆ©P..#
#.....###.# #.PP...#
#8...###..## #..@...#
##....##...# ##.e...#
#...###...# #..#.##
##...##...####..#..#
##...##.......ā€ .#
.# #...##########..#
.# ##..## ########..#
# #...## #......#..#
.....# #.e.....)#


You could see Duvessa (berserk).


Message History

Lugonu accepts your kill.
You hear a distant scream of rage. šŸ˜® HP[+1]
You now have 76 max hp (+1).
You closely miss the giant cockroach.
The giant cockroach bites you but does no damage.
You hit the giant cockroach. The giant cockroach misses you. x2
Duvessa goes berserk! šŸ˜® MP[+1]
You aren't carrying any items that you can evoke.
Blink to where?
Press: ? - help, Dir - move target
As you read the scroll labelled FUATOU URGHAEB, it crumbles to dust.
It was a scroll of blinking.
You hear a shout!
As you read the scroll labelled EMEREBRAMNE, it crumbles to dust.
It is a scroll of enchant weapon.
Your +0 hunting sling glows red for a moment. šŸ˜® HP[+1]
r - a +1 hunting sling (weapon)
Fire: r) +1 hunting sling
Press: ? - help, Q - select action, (/) - cycle Shift-Dir - straight line, f - giant cockroach
Aim: a giant cockroach (severely wounded, 60% to hit)
You shoot a sling bullet.
The sling bullet hits the giant cockroach.
You kill the giant cockroach!
Lugonu accepts your kill.
You hear a shout! x2
Your magical contamination has completely faded away.
You hear a shout! šŸ˜® HP[+1] šŸ˜® MP[+1] Fire: r) +1 hunting sling
Press: ? - help, Q - select action, (/) - cycle Shift-Dir - straight line, f - Duvessa
Aim: Duvessa, wielding a +0 short sword and wearing a +0 chain mail (moderately wounded, berserk, 71% to hit)
You shoot a sling bullet. The sling bullet barely misses Duvessa.
Casting: Mephitic Cloud (dangerous; 43% risk of failure)
Confirm with . or Enter, or press ? or * to list all spells.
Aiming: Mephitic Cloud (dangerous; 43% risk of failure)
Press: ? - help, Shift-Dir - straight line, p - Duvessa You miscast Mephitic Cloud.
You are very lightly contaminated with residual magic.
Nothing appears to happen. šŸ˜® MP[-3]
You lost 3 mp, and now have 4/12 mp.
Casting: Mephitic Cloud (dangerous; 43% risk of failure)
Confirm with . or Enter, or press ? or * to list all spells.
Aiming: Mephitic Cloud (dangerous; 43% risk of failure)
Press: ? - help, Shift-Dir - straight line
Okay, then.
Casting: Mephitic Cloud (dangerous; 43% risk of failure)
Confirm with . or Enter, or press ? or * to list all spells.
Okay, then.
Fire: r) +1 hunting sling
Press: ? - help, Q - select action, (/) - cycle Shift-Dir - straight line, f - Duvessa
Aim: Duvessa, wielding a +0 short sword and wearing a +0 chain mail (moderately wounded, berserk, 71% to hit)
You shoot a sling bullet.
The sling bullet hits Duvessa. šŸ˜® HP[+1] Unknown command.
a - a +1 spear (weapon)
Duvessa hits you with a +0 short sword! šŸ˜® HP[-8]
You take 8 damage, and now have 47/76 hp.
You hit Duvessa. Duvessa hits you with a +0 short sword!
* * * LOW HITPOINT WARNING * * *
šŸ˜Ø HP[-14]
You take 14 damage, and now have 33/76 hp.
You barely miss Duvessa. Duvessa hits you with a +0 short sword.
* * * LOW HITPOINT WARNING * * *
Duvessa hits you with a +0 short sword!
* * * LOW HITPOINT WARNING * * *
šŸ˜± HP[-17]
You take 17 damage, and now have 16/76 hp.
MASSIVE DAMAGE!! (PAUSE)
Press: ? - help, Shift-Dir - straight line, f/p - Duvessa
Aim: Duvessa, wielding a +0 short sword and wearing a +0 chain mail (moderately wounded, berserk, chance to affect: 68%)
You fail to use your ability.
Duvessa closely misses you. šŸ˜± HP[+1] MP[+1]
Press: ? - help, Shift-Dir - straight line, f/p - Duvessa
Aim: Duvessa, wielding a +0 short sword and wearing a +0 chain mail (moderately wounded, berserk, chance to affect: 68%)
You fail to use your ability.
Duvessa hits you with a +0 short sword!
* * * LOW HITPOINT WARNING * * *
Duvessa completely misses you. šŸ˜± HP[-11]
You take 11 damage, and now have 6/76 hp.
Press: ? - help, Shift-Dir - straight line, f/p - Duvessa
Aim: Duvessa, wielding a +0 short sword and wearing a +0 chain mail (moderately wounded, berserk, chance to affect: 68%)
You fail to use your ability.
Duvessa hits you with a +0 short sword.
* * * LOW HITPOINT WARNING * * *
šŸ˜± HP[-5]
You take 5 damage, and now have 1/76 hp.
Unknown command.
Press: ? - help, Shift-Dir - straight line, f/p - Duvessa
Aim: Duvessa, wielding a +0 short sword and wearing a +0 chain mail (moderately wounded, berserk, chance to affect: 68%)
You fail to use your ability.
Duvessa hits you with a +0 short sword!
You die...

Skill      XL: |  1  2  3  4  5  6  7 |
---------------+----------------------+-----
Spellcasting   | 1 2 3 |  3.7
Staves         | 2 |  2.3
Fighting       | 5 6 |  6.3
Dodging        | 3 |  3.9
Invocations    | 3 4 |  4.4
Conjurations   | 1 |  1.9
Polearms       | |  2.0

Action                   |  1- 3 |  4- 6 |  7- 9 || total
-------------------------+-------+-------+-------++-------
Melee: Spear             |    74 |    63 |    49 ||   186
       Punch             |     1 |     2 |       ||     3
 Fire: Hunting sling     |       |       |     3 ||     3
 Cast: Mephitic Cloud    |       |       |     1 ||     1
Invok: Banish            |       |       |     2 ||     2
  Use: Potion            |     1 |     1 |       ||     2
       Scroll            |       |       |     2 ||     2
 Stab: Sleeping          |       |     1 |       ||     1
       Confused          |       |       |     1 ||     1
Armor: Robe              |    33 |    15 |     3 ||    51
Dodge: Dodged            |    61 |    34 |    20 ||   115

Levels and vault maps discovered:
D:1:      lightli_arrival_lavapool, layout_loops_ring,
          shapermc_ecumenical_altar_mp_urbaneastern, supply_closet_lemuel,
          nicolae_grassy_gnolls
D:2:      layout_basic, uniq_sigmund
D:3:      layout_loops_ring, serial_shops, nicolae_shop_crystal, uniq_grinder,
          uniq_robin
D:4:      layout_rooms, nicolae_tso_carved_into_rock, serial_shops,
          nicolae_shop_overgrown_old_shop, uniq_duvessa, uniq_edmund,
          uniq_natasha

Notes
Turn   | Place    | Note
-------+----------+-------------------------------------------
     0 | Abyss:1  | spiderkeys the Ogre Abyssal Knight began the quest for the
                  | Orb.
     0 | Abyss:1  | Reached XP level 1. HP: 24/24 MP: 2/2
     0 | Abyss:1  | magus.rc [v1.11.3]
     0 | Abyss:1  | Found a corrupted altar of Lugonu.
    42 | D:1      | You pass through the gate.
    42 | D:1      | Escaped the Abyss
   558 | D:2      | Reached XP level 2. HP: 32/32 MP: 3/3
  1132 | D:2      | Noticed Sigmund
  1229 | D:3      | You add the spells Ignite Poison, Mephitic Cloud and
                  | Freezing Cloud to your library.
  1242 | D:3      | Reached skill level 1 in Spellcasting
  1322 | D:3      | Noticed Robin
  1328 | D:3      | Reached XP level 3. HP: 40/40 MP: 4/4
  1349 | D:2      | HP: 10/40 [goblin/+0 dagger[Robin] (2)]
  1740 | D:3      | Reached skill level 1 in Staves
  1892 | D:3      | Killed Robin
  2160 | D:3      | Found Jassullo's Antique Weapon Shoppe.
  2174 | D:3      | Noticed Grinder
  2185 | D:3      | Killed Grinder
  2186 | D:3      | Reached skill level 5 in Fighting
  2186 | D:3      | Reached skill level 2 in Staves
  2186 | D:3      | Reached skill level 3 in Dodging
  2186 | D:3      | Reached skill level 2 in Spellcasting
  2186 | D:3      | Reached skill level 3 in Invocations
  2186 | D:3      | Reached XP level 4. HP: 40/50 MP: 4/7
  2186 | D:3      | Reached XP level 5. HP: 46/57 MP: 4/8
  2186 | D:3      | Reached XP level 6. HP: 53/66 MP: 4/9
  2621 | D:3      | Reached *** piety under Lugonu
  2626 | D:3      | Learned a level 3 spell: Mephitic Cloud
  2948 | D:4      | Noticed Edmund
  2960 | D:4      | Killed Edmund
  2961 | D:4      | Reached skill level 3 in Spellcasting
  2966 | D:4      | Reached skill level 1 in Conjurations
  2966 | D:4      | Reached skill level 4 in Invocations
  2966 | D:4      | Reached XP level 7. HP: 65/74 MP: 11/11
  3165 | D:4      | Noticed Natasha
  3166 | D:4      | Noticed a steam dragon
  3176 | D:4      | Killed Natasha
  3183 | D:4      | Banished a steam dragon
  3184 | D:4      | Reached skill level 6 in Fighting
  3271 | D:4      | Noticed Natasha
  3279 | D:4      | Killed Natasha
  3304 | D:4      | Noticed Natasha
  3312 | D:4      | Killed Natasha
  3426 | D:4      | You pick up a book of Unlife and begin reading...
  3426 | D:4      | You add the spells Animate Dead, Borgnjor's Vile Clutch and
                  | Death Channel to your library.
  3431 | D:4      | Found a glowing golden altar of the Shining One.
  3495 | D:4      | Found Veoqauf's Antique Weapon Shop.
  3511 | D:4      | Noticed Duvessa
  3511 | D:4      | Noticed Dowan
  3531 | D:4      | Killed Dowan
  3548 | D:4      | HP: 16/76 [Duvessa/+0 short sword (11)]
  3550 | D:4      | HP: 6/76 [Duvessa/+0 short sword (11)]
  3551 | D:4      | HP: 1/76 [Duvessa/+0 short sword (5)]
  3552 | D:4      | Mangled by Duvessa

Vanquished Creatures
  Grinder (D:3)
  Edmund (D:4)
  A phantom (D:4)
  Dowan (D:4)
  Natasha (thrice) (D:4)
  An orc wizard (D:3)
  Robin (D:3)
  4 adders
  A worm (D:4)
  4 orcs
  A ball python (D:2)
  2 bats (D:3)
  3 endoplasms
  3 giant cockroaches
  10 goblins
  5 hobgoblins
  2 kobolds
  A quokka (D:1)
  2 rats (D:2)
47 creatures vanquished.

Vanquished Creatures (others)
  A kobold (D:4)
  A plant (D:1)
2 creatures vanquished.

Grand Total: 49 creatures vanquished

Table legend:
 A = Non-vault XP
 B = Vault XP
 C = Vault XP percentage of total XP
 D = Non-vault monster count
 E = Vault monster count
 F = Vault count percentage of total count
                 A         B        C        D         E       F
            +---------+---------+-------+---------+---------+-------
      Total |     494 |     572 |  53.7 |      32 |      16 |  33.3
            +---------+---------+-------+---------+---------+-------
        D:1 |       2 |       0 |   0.0 |       1 |       0 |   0.0
        D:2 |      27 |       7 |  20.6 |       9 |       4 |  30.8
        D:3 |      90 |     306 |  77.3 |      12 |       9 |  42.9
        D:4 |     375 |     259 |  40.9 |      10 |       3 |  23.1
            +---------+---------+-------+---------+---------+-------

Illustrated notes

Table legend:
 A = Kills in this place as a percentage of kills in entire the game.
 B = Kills by you in this place as a percentage of kills by you in the entire game.
 C = Kills by friends in this place as a percentage of kills by friends in the entire game.
 D = Other kills in this place as a percentage of other kills in the entire game.
 E = Experience gained in this place as a percentage of experience gained in the entire game.
 F = Experience gained in this place divided by the number of levels of this place that you have seen.
                   A       B       C       D       E      F
               +-------+-------+-------+-------+-------+----------------------
         Total | 100.0 | 100.0 |   N/A | 100.0 | 100.0 | 213.2
       Dungeon | 100.0 | 100.0 |   N/A | 100.0 | 100.0 | 266.5
               +-------+-------+-------+-------+-------+----------------------

Table legend: (Time is in decaauts)
 A = Elapsed time spent in this place.
 B = Non-inter-level travel time spent in this place.
 C = Inter-level travel time spent in this place.
 D = Time resting spent in this place.
 E = Time spent auto-exploring this place.
 F = Levels seen in this place.
 G = Mean time per level.
                   A        B        C        D        E       F      G
               +--------+--------+--------+--------+--------+-----+--------+
         Total |   3584 |   3526 |     58 |    973 |   1899 |   5 |  716.8 |
       Dungeon |   3542 |   3484 |     58 |    973 |   1899 |   4 |  885.5 |
         Abyss |     42 |     42 |      0 |      0 |      0 |   1 |   42.0 |
               +--------+--------+--------+--------+--------+-----+--------+

Top non-repeatable levels by time:
     D:2: 1589 daAuts
     D:3: 1096 daAuts
     D:4: 701 daAuts
     D:1: 154 daAuts
 Abyss:1: 42 daAuts
